 Dungeon Crawl Stone Soup version 0.20-a0-829-g299e025 (webtiles) character file.

235 Blackhawk the Digger (level 6, -10/42 HPs)
             Began as a Formicid Earth Elementalist on Feb 28, 2017.
             Was an Initiate of Nemelex Xobeh.
             Killed by divine providence
             ... invoked by an orc priest
              (14 damage)
             ... on level 3 of the Dungeon on Mar 6, 2017.
             The game lasted 00:10:13 (3211 turns).

Blackhawk the Digger (Formicid Earth Elementalist)  Turns: 3211, Time: 00:10:13

Health: -10/42     AC:  7    Str: 13    XL:     6   Next: 26%
Magic:  9/11       EV: 12    Int: 16    God:    Nemelex Xobeh [......]
Gold:   145        SH:  0    Dex: 11    Spells: 9/12 levels left

rFire    . . .     SeeInvis +   l - +0 spear
rCold    . . .     Gourm    .   i - +3 leather armour
rNeg     . . .     Faith    .   (no shield)
rPois    .         Spirit   .   (helmet unavailable)
rElec    .         Reflect  .   a - +0 cloak
rCorr    .         Harm     .   (no gloves)
MR       .....                  (no boots)
Stlth    ++........             (no amulet)
Regen    0.2/turn               (no ring)
MPRegen  0.2/turn               (no ring)

@: lethally poisoned (-10 -> -13)
A: permanent stasis, dig shafts and tunnels, four strong arms, antennae 3
a: Dig, Shaft Self, Renounce Religion


You were on level 3 of the Dungeon.
You worshipped Nemelex Xobeh.
Nemelex Xobeh was noncommittal.
You were not hungry.

You visited 1 branch of the dungeon, and saw 3 of its levels.

You collected 145 gold pieces.

Inventory:

Hand Weapons
 l - a +0 spear (weapon)
Armour
 a - a +0 cloak (worn)
 c - a +0 robe
 i - a +3 leather armour (worn)
Scrolls
 k - a scroll of magic mapping {unknown}
 m - a scroll of fear {unknown}
Potions
 f - 2 potions of curing {unknown}
 o - a potion of haste {unknown}
Books
 e - a book of Geomancy

   Spells                             Type                      Level
   a - Sandblast                      Earth                        1
   b - Passwall                       Transmutation/Earth          2
   c - Stone Arrow                    Conjuration/Earth            3
   d - Petrify                        Transmutation/Earth          4
   e - Lee's Rapid Deconstruction     Earth                        5
Comestibles
 d - 3 bread rations
 g - 2 fruits
 h - a royal jelly
 j - 2 meat rations
 n - 16 chunks of flesh


   Skills:
 + Level 0.7 Fighting
 + Level 1.2 Polearms
 * Level 2.5 Armour
 - Level 2.0 Dodging
 + Level 2.6 Stealth
 - Level 0.4 Unarmed Combat
 + Level 3.5 Spellcasting
 + Level 1.1 Transmutations
 + Level 5.5 Earth Magic


You had 9 spell levels left.
You knew the following spells:

 Your Spells              Type           Power        Failure   Level  Hunger
a - Sandblast             Erth           ###...       2%          1    None
b - Passwall              Tmut/Erth      ##........   12%         2    ##.....


Dungeon Overview and Level Annotations

Branches:
Dungeon (3/15)

Altars:
Nemelex Xobeh
Okawaru
Yredelemnul


Innate Abilities, Weirdness & Mutations

You cannot be hasted, slowed, berserked, paralysed or teleported.
You can dig through walls and to a lower floor.
Your four strong arms can wield two-handed weapons with a shield.
You have a pair of large antennae on your head. (SInv)


Message History

You barely miss the orc priest.
The orc priest is moderately wounded.
You feel sick. The orc priest misses you.
You closely miss the orc priest.
The orc priest is moderately wounded.
You hit the orc priest.
The orc priest is heavily wounded.
You feel sick.
The orc priest invokes the aid of Beogh against you.
Beogh smites you!
* * * LOW HITPOINT WARNING * * *
You are too injured to fight recklessly!
* * * LOW HITPOINT WARNING * * *
You feel sick. The orc priest closely misses you.
* * * LOW HITPOINT WARNING * * *
You feel sick.
The orc priest invokes the aid of Beogh against you.
Beogh smites you!
You die...
Your body disappears without a glow.

####### ##### #.....# ###...###
#.....# #.......#### #.....#
##....._....# ######.....# #
##...........###(o)[).....###
#.._..⌠........oo####........
###...........@##### #.o....(.
#.....[.........##### #o.....#.
#.###...._..........####......#.
.. ####...%#####........#....#.
. ####)# #........#.####. ###[#
#........#.# #.
#...#########.#...)####.
##..)..#####..........
#.)##....##..........


You could see an orc priest, an orc wizard (invisible) and an orc.

Vanquished Creatures
  A bullfrog (D:3)
  An orc priest (D:3)
  An orc wizard (D:3)
  4 gnolls (D:2)
  A worm (D:2)
  A dart slug (D:2)
  A leopard gecko (D:3)
  10 orcs (D:3)
  A giant cockroach (D:1)
  6 goblins
  8 hobgoblins
  6 jackals
  3 ball pythons (D:1)
  2 bats (D:3)
  3 frilled lizards
  9 kobolds
  6 rats
64 creatures vanquished.

Notes
Turn   | Place    | Note
-------+----------+-------------------------------------------
     0 | D:1      | Blackhawk the Formicid Earth Elementalist began the quest for the Orb.
     0 | D:1      | Reached XP level 1. HP: 13/13 MP: 3/3
    92 | D:1      | Reached skill level 4 in Earth Magic
   136 | D:1      | Reached XP level 2. HP: 5/19 MP: 0/5
  1354 | D:1      | Reached XP level 3. HP: 24/24 MP: 3/6
  1450 | D:1      | Learned a level 2 spell: Passwall
  1967 | D:2      | Reached XP level 4. HP: 30/30 MP: 4/7
  2028 | D:2      | Reached skill level 5 in Earth Magic
  2030 | D:2      | Reached skill level 1 in Armour
  2726 | D:3      | Reached skill level 1 in Polearms
  2726 | D:3      | Reached XP level 5. HP: 7/36 MP: 4/9
  2988 | D:3      | Found a basalt altar of Yredelemnul.
  2988 | D:3      | Found an iron altar of Okawaru.
  2989 | D:3      | Found a sparkling altar of Nemelex Xobeh.
  2995 | D:3      | Noticed a bullfrog
  2998 | D:3      | Killed a bullfrog
  2998 | D:3      | Reached XP level 6. HP: 40/42 MP: 3/11
  3099 | D:3      | Became a worshipper of Nemelex Xobeh the Trickster
  3176 | D:3      | Upgraded the game from 0.20-a0-791-gf6451d4 to 0.20-a0-829-g299e025
  3211 | D:3      | Killed from afar by an orc priest

Vault maps used:
D:1:      lemuel_arrival_lava_pool, minmay_shallow_snake_nest
D:2:      first_bread
D:3:      grunt_temple_overflow_open, gup_sewer_entry_pipe

Skill      XL: |  1  2  3  4  5 |
---------------+----------------+-----
Earth Magic    | 4 5 |  5.5
Dodging        | 2 |  2.0
Armour         | 1 2 |  2.5
Polearms       | 1 |  1.2
Spellcasting   | 3 |  3.5
Fighting       | |  0.7
Stealth        | |  2.6
Unarmed Combat | |  0.4
Transmutations | |  1.1

Action                   |  1- 3 |  4- 6 || total
-------------------------+-------+-------++-------
Melee: Unarmed           |    69 |       ||    69
       Spear             |    30 |    34 ||    64
 Cast: Sandblast         |    37 |    35 ||    72
  Eat: Chunk             |     4 |     4 ||     8
Armor: Robe              |    29 |       ||    29
       Leather armour    |    28 |    14 ||    42
Dodge: Dodged            |   117 |    36 ||   153
